Jonadab, neutral female human Tourist --------------- #@q.%..........| #|s.%..........| .f.......<..... --------------- Jonadab the Rambler Experience level: 1 Strength: 14 Dexterity: 12 Constitution: 15 Intelligence: 14 Wisdom: 8 Charisma: 12 Health: 0(10) Energy: 2(2) Def: 6 Gold: 540 Moves: 1691 Dungeon seed: mfSgpuCwDBDI8Vzn Game ID: Jonadab_1481386649 Your Inventory: Coins $ - 540 gold pieces Weapons c - 37 uncursed +2 darts (in quiver) m - 12 uncursed +0 darts Armor n - an uncursed +0 Hawaiian shirt q - an uncursed +0 robe (being worn) r - a blessed +0 ring mail (being worn) z - an uncursed +0 pair of low boots (being worn) Comestibles a - 6 uncursed tripe rations u - an uncursed egg x - 7 uncursed food rations Wands s - an uncursed wand of teleportation (0:3) Tools b - an uncursed bag of holding g - an uncursed expensive camera (0:93) h - an uncursed credit card k - an uncursed lock pick Gems y - an uncursed opal Contents of the bag of holding: an uncursed scroll of earth an uncursed scroll of identify 4 uncursed scrolls of magic mapping an uncursed scroll of remove curse an uncursed spellbook of haste self 2 uncursed potions of extra healing an uncursed potion of full healing an uncursed potion of invisibility an uncursed potion of sickness an uncursed wand of cold (0:3) Spells and supernatural/magical abilities: Name Level Category Fail Memory W - pray for help -- divine ? -- Your skills at the end: Fighting Skills wands [Basic] Weapon Skills dart [Basic] Spellcasting Skills Final Attributes: You were stridently aligned. You are dead. Vanquished creatures: a shrieker a little dog 2 rothes a giant bat 4 dwarf zombies a werejackal 2 coyotes a large kobold a brown mold 2 yellow molds a green mold a gnome a garter snake 2 geckos 4 jackals a fox a kobold 2 grid bugs 2 lichens a kobold zombie 3 newts 35 creatures vanquished. Voluntary challenges: You were an atheist. You never hit with a wielded weapon. You read items or engraved 5 times, starting on turn 522. You never genocided any monsters. You never polymorphed an object. You never changed form. You used no wishes. You never split a pudding. You wrote Elbereth's name 4 times, starting on turn 522. You never violated your personal moral code. Dungeon overview: The Dungeons of Doom: levels 1 to 7 Level 1 a long staircase Level 2 stairs to The Gnomish Mines Level 3 some fountains Level 4 a fountain Level 5 a fountain Level 6 Level 7 <- You were here The Gnomish Mines: Level 3 stairs to The Dungeons of Doom History has recorded: On T:1 you entered the Dungeons of Doom to retrieve the Amulet of Yendor! On T:131 you reached level 2 of The Dungeons of Doom. On T:245 you reached level 1 of The Gnomish Mines. On T:466 you reached level 3 of The Dungeons of Doom. On T:498 you reached level 4 of The Dungeons of Doom. On T:1092 you reached level 5 of The Dungeons of Doom. On T:1406 you reached level 6 of The Dungeons of Doom. On T:1658 you reached level 7 of The Dungeons of Doom. Score breakdown: Gold: 523 ( 9250 points) Experience: 1 level ( 0 points) Exploration: 7 levels ( 14.00%) (10497 points) Discoveries: 1 item ( 0.33%) ( 1729 points) Valuables value: (no points given unless you survive) Artifact value: 0 ( 0 points) Variety of kills: 21 monsters ( 5.48%) ( 7024 points) Turncount: 1691 turns ( 0 points) Survival: died (score multiplied by 80%) Total score: 22800 Latest messages: Cauchy bites the rothe. The rothe misses Cauchy. The rothe bites Cauchy. The rothe misses Cauchy. (2x) The rothe bites Cauchy. The rothe misses Cauchy. Cauchy bites the rothe. The rothe hits Cauchy. The rothe misses Cauchy. The rothe bites Cauchy. Cauchy misses the rothe. Cauchy bites the rothe. The rothe is killed! Cauchy misses the rothe. (2x) The rothe misses Cauchy. (3x) You see here a rothe corpse. Cauchy misses the rothe. The cave spider bites Cauchy. Cauchy misses the cave spider. The rothe hits Cauchy. The rothe bites Cauchy. (2x) Cauchy misses the rothe. The dart hits the rothe. The rothe hits! The rothe bites! (2x) You die... Final status: Aloha Jonadab the Tourist, killed by a rothe... You died in The Dungeons of Doom on dungeon level 7 with 22800 points, and 540 pieces of gold, after 1691 moves. You were level 1 with a maximum of 10 hit points when you died.